 Dungeon Crawl Stone Soup version 0.19.0 (webtiles) character file.

1381 jimeh the Cleaver (level 8, -2/105 HPs)
             Began as a Minotaur Berserker on Nov 7, 2016.
             Was an Elder of Trog.
             Slain by a gnoll
             ... wielding a +0 halberd
              (9 damage)
             ... on level 6 of the Dungeon.
             The game lasted 00:09:39 (4035 turns).

jimeh the Cleaver (Minotaur Berserker)              Turns: 4035, Time: 00:09:40

Health: -2/105     AC:  5    Str: 29    XL:     8   Next: 39%
Magic:  7/7        EV: 13    Int:  4    God:    Trog [****..]
Gold:   297        SH:  0    Dex: 12    Spells: 0 memorised, 7 levels left

rFire  + + .     SeeInvis .     D - +0 war axe
rCold  + . .     Gourm    .     G - +2 leather armour of Byefreif {rPois rF+ rC+ Dex+2}
rNeg   . . .     Faith    .     (no shield)
rPois  +         Spirit   .     (helmet restricted)
rElec  .         Reflect  .     (no cloak)
rCorr  .         Harm     .     (no gloves)
MR     .....     Rnd*Tele +     (no boots)
Stlth  ..........               r - amulet of magic regeneration
                                w - ring of teleportation (curse)
                                q - ring of protection from fire

@: berserking, very quick
A: retaliatory headbutt, horns 2
a: Berserk, Trog's Hand, Brothers in Arms, Burn Spellbooks, Renounce Religion


You were on level 6 of the Dungeon.
You worshipped Trog.
Trog was greatly pleased with you.
You were very hungry.

You visited 1 branch of the dungeon, and saw 6 of its levels.
You also visited: Sewer.

You collected 297 gold pieces.

Inventory:

Hand Weapons
 a - a +0 hand axe
 D - a +0 war axe (weapon)
Armour
 b - a +0 animal skin
 d - a +0 ring mail
 t - a +0 chain mail
 G - the +2 leather armour of Byefreif (worn) {rPois rF+ rC+ Dex+2}
   (You found it on level 6 of the Dungeon)

   It affects your dexterity (+2).
   It protects you from fire.
   It protects you from cold.
   It protects you from poison.
Jewellery
 q - a ring of protection from fire (left hand)
 r - an amulet of magic regeneration (around neck)
 w - a cursed ring of teleportation (right hand)
 x - an uncursed ring of resist corrosion
 y - an uncursed ring of magical power
Wands
 m - a wand of slowing (21/48)
Scrolls
 v - a scroll of blinking {unknown}
 z - a scroll of fear
 C - a scroll of remove curse
 E - 2 scrolls of recharging {unknown}
 F - 4 scrolls of identify
 H - a scroll of immolation {unknown}
 I - 3 scrolls of teleportation {unknown}
 L - a scroll of fog {unknown}
Potions
 e - 2 potions of agility {unknown}
 f - a potion of haste {unknown}
 h - 6 potions of heal wounds
 i - a potion of invisibility {unknown}
 k - 2 potions of berserk rage {unknown}
 l - a potion of lignification {unknown}
 n - 2 potions of degeneration {unknown}
 p - a potion of mutation {unknown}
 s - 6 potions of curing {unknown}
 A - a potion of cancellation {unknown}
 B - 2 potions of flight {unknown}
 J - 2 potions of might {unknown}
 K - a potion of brilliance {unknown}
Books
 j - a book of Minor Magic

   Spells                             Type                      Level
   a - Magic Dart                     Conjuration                  1
   b - Blink                          Translocation                2
   c - Call Imp                       Summoning                    2
   d - Repel Missiles                 Charms/Air                   2
   e - Slow                           Hexes                        2
   f - Conjure Flame                  Conjuration/Fire             3
   g - Mephitic Cloud                 Conjuration/Poison/Air       3
   Trog disapproves of the use of such an item.
Comestibles
 c - 7 bread rations
 g - 2 beef jerkies
 o - 3 meat rations
 u - a slice of pizza


   Skills:
 - Level 6.2 Fighting
 + Level 9.4 Axes
 - Level 6.8 Armour
 * Level 3.6 Dodging


You had 7 spell levels left.
You didn't know any spells.

Dungeon Overview and Level Annotations

Branches:
Dungeon (6/15)             Temple (0/1) D:4

Altars:
Cheibriados
Elyvilon
Yredelemnul
Zin
The Shining One

Shops:
D:4 %   D:5 *


Innate Abilities, Weirdness & Mutations

You reflexively headbutt those who attack you in melee.
You have a pair of horns on your head.


Message History

A red film seems to cover your vision as you go berserk!
You feel yourself moving faster!
You feel mighty!
You are feeling very hungry.
The gnoll hits you from afar with a halberd!
* * * LOW HITPOINT WARNING * * *
The gnoll completely misses you.
You closely miss the gnoll. The gnoll closely misses you.
You slash the gnoll!
The gnoll is almost dead.
The gnoll closely misses you. You furiously retaliate!
You headbutt the gnoll!!
You kill the gnoll!
Trog accepts your kill.
You barely miss the gnoll. The gnoll barely misses you.
You slash the gnoll! Your headbutt misses the gnoll.
The gnoll is almost dead.
The gnoll closely misses you. You furiously retaliate!
You headbutt the gnoll!!
You kill the gnoll!
Trog accepts your kill. The gnoll hits you with a halberd!
You die...

#######.# ...≈≈#≈≈)
#.....#.###### .#≈≈≈≈≈.
#.###.#.#....#
#.###≈≈≈≈≈ #.#
#.#.#....#
######..###.≈†≈
##.###.#.#....#
##.......#..##≈≈
#........'....#
.'.?$....#.# ###
#.########....#
.#.......#.# # #.#
#....##.###'# #...# #
#.#
#....'@g..#.####.#### #
#.#
#....####.#........>###
#.# #....#
######......# #.###
#<...####.# ######..
##...# ###.###.....#
### .....#
#....##.##### #########
.....# #.#..##...#
####........ ....###
#.#######.#
#........... ....'.#
#....# #.# #...........


You could see a gnoll.

Vanquished Creatures
  Grinder (D:4)
  Sigmund (D:6)
  An ice beast (D:5)
  2 centaurs
  A bullfrog (D:6)
  2 scorpions
  An electric eel (D:6)
  2 hounds (D:4)
  An orc priest (D:3)
  Terence (D:2)
  5 worker ants
  An orc wizard (D:4)
  Robin (D:4)
  3 gnolls
  A howler monkey skeleton (D:5)
  5 adders
  6 river rats (Sewer)
  An ooze (D:2)
  An adder zombie (D:5)
  A worm (D:4)
  12 dart slugs
  A leopard gecko (D:1)
  6 orcs
  6 giant cockroaches
  14 goblins
  8 hobgoblins
  7 jackals
  19 kobolds
  2 quokkas
  10 ball pythons
  3 bats (D:2)
  2 frilled lizards
  27 rats
155 creatures vanquished.

Vanquished Creatures (others)
  A dart slug (D:6)
1 creature vanquished.

Grand Total: 156 creatures vanquished

Notes
Turn   | Place    | Note
-------+----------+-------------------------------------------
     0 | D:1      | jimeh the Minotaur Berserker began the quest for the Orb.
     0 | D:1      | Reached XP level 1. HP: 19/19 MP: 0/0
    88 | D:1      | Reached skill level 4 in Axes
    88 | D:1      | Reached XP level 2. HP: 17/27 MP: 1/1
   393 | D:1      | Reached XP level 3. HP: 31/33 MP: 2/2
   572 | D:2      | Reached ** piety under Trog
   578 | D:2      | Noticed Terence
   589 | D:2      | Killed Terence
   589 | D:2      | Reached skill level 5 in Axes
   589 | D:2      | Reached XP level 4. HP: 23/41 MP: 3/3
   749 | D:2      | Found a basalt altar of Yredelemnul.
   750 | D:2      | Found a glowing golden altar of the Shining One.
   750 | D:2      | Found a snail-covered altar of Cheibriados.
   752 | D:2      | Found a white marble altar of Elyvilon.
   752 | D:2      | Found a glowing silver altar of Zin.
  1178 | D:2      | Found a faded altar of an unknown god.
  1801 | D:3      | Reached XP level 5. HP: 31/47 MP: 4/4
  2035 | D:4      | Reached skill level 5 in Fighting
  2072 | D:4      | Found Hacs's Food Emporium.
  2091 | D:4      | Reached skill level 6 in Axes
  2099 | D:4      | Reached XP level 6. HP: 39/56 MP: 5/5
  2126 | D:4      | Found a staircase to the Ecumenical Temple.
  2199 | D:4      | Noticed Robin
  2209 | D:4      | Reached *** piety under Trog
  2218 | D:4      | Killed Robin
  2236 | D:4      | Noticed Grinder
  2245 | D:4      | Paralysed by Grinder for 2 turns
  2358 | D:4      | Reached skill level 5 in Armour
  2466 | D:4      | Paralysed by Grinder for 4 turns
  2478 | D:4      | Killed Grinder
  2478 | D:4      | Reached skill level 7 in Axes
  2478 | D:4      | Reached XP level 7. HP: 61/61 MP: 6/6
  2755 | D:5      | Entered Level 5 of the Dungeon
  3029 | D:5      | Found Movehore's Assorted Antiques.
  3080 | D:6      | Reached skill level 8 in Axes
  3212 | D:6      | Got a smoking leather armour
  3223 | D:6      | Identified the +2 leather armour of Byefreif {rPois rF+ rC+ Dex+2} (You found it on level 6 of the Dungeon)
  3242 | D:6      | Reached XP level 8. HP: 58/70 MP: 7/7
  3258 | D:6      | Found a glowing drain.
  3332 | D:6      | Noticed Sigmund
  3360 | Sewer    | Entered a sewer
  3528 | Sewer    | Reached **** piety under Trog
  3910 | D:6      | Killed Sigmund
  3910 | D:6      | Reached skill level 9 in Axes
  4035 | D:6      | Slain by a gnoll

Skill      XL: |  1  2  3  4  5  6  7  8 |
---------------+-------------------------+-----
Axes           | 4 5 6 7 8 9 |  9.4
Fighting       | 4 5 6 |  6.2
Armour         | 3 4 5 6 |  6.8
Dodging        | 3 |  3.6

Action                   |  1- 3 |  4- 6 |  7- 9 || total
-------------------------+-------+-------+-------++-------
Melee: Hand axe          |    59 |   134 |     8 ||   201
       Headbutt          |    12 |    23 |    29 ||    64
       War axe           |       |       |   115 ||   115
Invok: Berserk           |     1 |     2 |     1 ||     4
       Trog's Hand       |       |       |     1 ||     1
  Use: Scroll            |       |     5 |       ||     5
       Potion            |       |     1 |       ||     1
  Eat: Chunk             |       |     5 |     6 ||    11
       Beef jerky        |       |     1 |       ||     1
Armor: Animal skin       |     5 |       |       ||     5
       Ring mail         |    14 |     5 |       ||    19
       Chain mail        |       |    68 |    30 ||    98
       Leather armour    |       |       |    40 ||    40
Dodge: Dodged            |    31 |    48 |   115 ||   194
